 Dungeon Crawl Stone Soup version 0.17-a0-2014-g32cd421 (webtiles) character file.

52 brucemayne the Chopper (level 3, -2/46 HPs)
             Began as a Hill Orc Berserker on Oct 9, 2015.
             Was a Follower of Trog.
             Slain by a centaur (3 damage)
             ... on level 5 of the Dungeon.
             The game lasted 00:02:19 (454 turns).

brucemayne the Chopper (Hill Orc Berserker)          Turns: 454, Time: 00:02:20

Health: -2/46      AC: 10    Str: 25    XL:     3   Next: 85%
Magic:  3/3        EV: 10    Int:  7    God:    Trog [*.....]
Gold:   39         SH:  0    Dex: 10    Spells: 0 memorised, 2 levels left

rFire  . . .     SeeInvis .     a - +0 hand axe
rCold  . . .     Clarity  .     h - +1 scale mail
rNeg   . . .     SustAt   .     (no shield)
rPois  .         Gourm    .     p - +0 helmet
rElec  .         Spirit   .     (no cloak)
rCorr  .         Warding  .     (no gloves)
rMut   .         Stasis   .     l - +0 pair of boots
MR     .....                    (no amulet)
Stlth  ..........               (no ring)
                                r - +1 ring of protection

@: berserking, very quick, not resistant to hostile enchantments, extremely
unstealthy
A: no striking features
a: Burn Spellbooks, Berserk, Renounce Religion


You were on level 5 of the Dungeon.
You worshipped Trog.
Trog was aware of your devotion.
You were not hungry.

You visited 1 branch of the dungeon, and saw 5 of its levels.

You collected 39 gold pieces.

Inventory:

Hand Weapons
 a - a +0 hand axe (weapon)
Armour
 b - a +0 animal skin
 h - a +1 scale mail (worn)
 l - a +0 pair of boots (worn)
 o - a +0 shield
 p - a +0 helmet (worn)
Jewellery
 e - an uncursed ring of teleportation
 r - a +1 ring of protection (left hand)
Scrolls
 m - a scroll of recharging
Potions
 d - 3 potions of curing {unknown}
 g - 2 potions of heal wounds {unknown}
 n - a potion of beneficial mutation {unknown}
 q - 2 potions of ambrosia {unknown}
Comestibles
 c - a bread ration
 f - a beef jerky
 i - a slice of pizza
 j - a meat ration
 k - 5 chunks of flesh


   Skills:
 - Level 3.6 Fighting
 + Level 6.1 Axes
 - Level 2.1 Armour
 - Level 1.5 Dodging


You had 2 spell levels left.
You didn't know any spells.

Dungeon Overview and Level Annotations

Branches:
Dungeon (5/15)
 Temple: D:4-7

Altars:


Message History

The arrow hits you!
You see here 2 arrows.
The centaur shoots an arrow.
The arrow hits you!
* * * LOW HITPOINT WARNING * * *
Found a stone staircase leading down.
Things that are here:
an arrow; a slice of pizza Use which ability?
A red film seems to cover your vision as you go berserk!
You feel yourself moving faster!
You feel mighty!
You feel somewhat more hungry.
The centaur shoots an arrow.
The arrow hits you.
* * * LOW HITPOINT WARNING * * *
You feel a strong urge to attack something.
You hear the slow rusting of a very distant drain.
The centaur unwields an uncursed shortbow.
The centaur closely misses you.
You slash the centaur!
The centaur is heavily wounded.
The centaur hits you.
You die...

....###.# ... #.# #.#
#.# .# #.# # .# ##.## ##
#. .# #...##
.>.#.###.###.#.#.#######
##......c##.##..........
#......@# ##.###.#######
#.#####(# #..#.## ##.
#(###.#..######### ..
#....###.......... #.
#.###.#.##########
#.#####[# ##.## #
#.......# ###
####.##.###<## .......)#
#.#


You could see a centaur.

Vanquished Creatures
  A worker ant (D:4)
  An adder (D:3)
  An orc (D:5)
  4 bats
  3 goblins
  3 hobgoblins
  4 jackals (D:4)
  A jackal skeleton (D:4)
  An orc zombie (D:4)
19 creatures vanquished.

Notes
Turn   | Place    | Note
--------------------------------------------------------------
     0 | D:1      | brucemayne the Hill Orc Berserker began the quest for the Orb.
     0 | D:1      | Reached XP level 1. HP: 19/19 MP: 1/1
   140 | D:3      | Reached XP level 2. HP: 24/26 MP: 2/2
   152 | D:3      | Reached skill level 5 in Axes
   285 | D:5      | Entered Level 5 of the Dungeon
   339 | D:4      | Reached XP level 3. HP: 23/31 MP: 3/3
   358 | D:4      | Reached skill level 6 in Axes
   403 | D:4      | You fall through a shaft!
   450 | D:5      | Noticed a centaur
   452 | D:5      | HP: 1/46 [centaur/arrow (3)]
   454 | D:5      | Slain by a centaur

Vault maps used:
D:1:      dpeg_arrival_rooms_a
D:2:      uniq_iyjb, uniq_natasha
D:3:      minmay_misc_feat_pillars
D:4:      nicolae_ossuary_entry_giza, roderic_batcave, uniq_edmund
D:5:      portal_sewer_entry_a, first_bread, uniq_eustachio, uniq_pikel,
          uniq_menkaure

Action                   || total
-------------------------++-------
Melee: Hand axe          ||    85
Invok: Berserk           ||     2
  Use: Scroll            ||     5
